 Dungeon Crawl Stone Soup version 0.30-a0-4-ga7cffc901d (webtiles) character file.

Game seed: 1480771432507585585

8 BritishOli the Trooper (level 2, 24/24 HPs)
             Began as a Demonspawn Fighter on Aug 21, 2022.
             Got out of the dungeon alive.
             The game lasted 00:00:16 (278 turns).

BritishOli the Trooper (Demonspawn Fighter)          Turns: 278, Time: 00:00:17

Health: 24/24      AC:  6    Str: 16    XL:     2   Next: 0%
Magic:  2/2        EV:  8    Int:  9    God:
Gold:   6          SH:  4    Dex: 12    Spells: 1/1 levels left

rFire   . . .      SeeInvis .    a - +0 long sword
rCold   . . .      Faith    .    c - +0 buckler
rNeg    . . .      Spirit   .    b - +0 scale mail
rPois   .          Reflect  .    (no helmet)
rElec   .          Harm     .    (no cloak)
rCorr   .          Rampage  .    (no gloves)
Will    .....                    (no boots)
Stlth   ..........               (no amulet)
HPRegen 0.08/turn                (no ring)
MPRegen 0.08/turn                (no ring)

@: no status effects
A: demonic magic 1
a: no special abilities


You escaped.
You visited 1 branch of the dungeon, and saw 1 of its levels.

You collected 6 gold pieces.

Inventory:

Hand Weapons
 a - a +0 long sword (weapon)
Armour
 b - a +0 scale mail (worn)
 c - a +0 buckler (worn)
Scrolls
 e - 2 scrolls of blinking {unknown}
Potions
 d - a potion of might


   Skills:
 + Level 3.1 Fighting
 + Level 2.0 Long Blades
 + Level 2.8 Armour
 + Level 2.8 Shields


You had one spell level left.
You didn't know any spells.
Your spell library was empty.

Dungeon Overview and Level Annotations

Branches:
Dungeon (1/15)

Altars:


Innate Abilities, Weirdness & Mutations

Spells you cast may paralyse adjacent enemies.


Message History

There is a faded altar of an unknown god here.
A hobgoblin is nearby!
The hobgoblin closely misses you.
A hobgoblin is nearby!
You barely miss the hobgoblin. The hobgoblin closely misses you.
A hobgoblin is nearby!
You barely miss the hobgoblin. You block the hobgoblin's attack.
A hobgoblin is nearby!
You barely miss the hobgoblin. The hobgoblin barely misses you.
The hobgoblin closely misses you.
A hobgoblin is nearby!
You closely miss the hobgoblin.
The hobgoblin hits you but does no damage.
A hobgoblin is nearby!
You hit the hobgoblin.
The hobgoblin is almost dead.
The hobgoblin hits you but does no damage. x2
A hobgoblin is nearby!
You hit the hobgoblin.
You kill the hobgoblin!
Your Long Blades skill increases to level 2!
You have reached level 2!
Your demonic ancestry asserts itself...
A menacing aura infuses your magic.
Found a dagger.
No target in view!
You see here a +0 dagger.
e - 2 scrolls labelled VOHANT LERPH (gained 1) Key pressed, stopping explore.
No target in view!
No target in view!
No target in view!
No target in view!
You see here a hobgoblin corpse.
Things that are here:
a +0 club; a goblin skeleton
There is an open door here.
There is a staircase leading out of the dungeon here.
Are you sure you want to leave the Dungeon?
This will make you lose the game!
You have escaped!

#######...#
##..#
######.######
##~~~~#'#~~~~##
#~~~○~#.#~~~~~#
#~○#~~#.#~~#~~#
#~~~~~#.#~~~~~#
#~~☼~~#.#~~~~~#
#~~~~~#@#~~☼~○#
#~~~~~#.#~~~~~#
#~~#~ #.# ~#~~#
#~~~~~#.#~~~~~#
#°~~~°#.#~~~~~#
~~~#+#☼~~ ####
####


There were no monsters in sight!

Vanquished Creatures
  A giant cockroach (D:1)
  2 goblins (D:1)
  2 hobgoblins (D:1)
  A quokka (D:1)
6 creatures vanquished.

Notes
Turn   | Place    | Note
-------+----------+-------------------------------------------
     0 | D:1      | BritishOli the Demonspawn Fighter began the quest for the
                  | Orb.
     0 | D:1      | Reached XP level 1. HP: 18/18 MP: 1/1
   150 | D:1      | Found a faded altar of an unknown god.
   168 | D:1      | Gained mutation: Spells you cast may paralyse adjacent
                  | enemies. [demonic ancestry]
   168 | D:1      | Reached XP level 2. HP: 24/24 MP: 2/2
   278 | D:$      | Got out of the dungeon alive.

Illustrated notes

Levels and vault maps discovered:
D:1:      saegor_arrival_miasma, layout_loops_ring, ebering_ecumenical_altar_box

Skill      XL: |  1 |
---------------+----+-----
Long Blades    | 2 |  2.0
Fighting       | |  3.1
Armour         | |  2.8
Shields        | |  2.8

Action                   || total
-------------------------++-------
Melee: Long sword        ||    27
Armor: Scale mail        ||     9
Dodge: Dodged            ||    16
Block: Buckler           ||     6

Table legend: (Time is in decaauts)
 A = Elapsed time spent in this place.
 B = Non-inter-level travel time spent in this place.
 C = Inter-level travel time spent in this place.
 D = Time resting spent in this place.
 E = Time spent auto-exploring this place.
 F = Levels seen in this place.
 G = Mean time per level.
                   A        B        C        D        E       F      G
               +--------+--------+--------+--------+--------+-----+--------+
         Total |    287 |    249 |     38 |      0 |    189 |   1 |  287.0 |
       Dungeon |    287 |    249 |     38 |      0 |    189 |   1 |  287.0 |
               +--------+--------+--------+--------+--------+-----+--------+

Top non-repeatable levels by time:
     D:1: 287 daAuts
